 Dungeon Crawl Stone Soup version 0.31-a0-1127-ge7b2bba (webtiles) character file.

Game seed: 6811719563466715693

12908 Dorkslayer the Cleaver (level 12, -6/104 HPs)
             Began as a Hill Orc Fighter on Dec 4, 2023.
             Was an Initiate of Gozag.
             Mangled by a skeletal warrior
             ... wielding a +0 battleaxe
              (21 damage)
             ... on level 12 of the Dungeon.
             The game lasted 00:20:55 (8782 turns).

Dorkslayer the Cleaver (Hill Orc Fighter)           Turns: 8782, Time: 00:20:56

Health: -6/104     AC: 19    Str: 22    XL:     12   Next: 0%
Magic:  12/12      EV: 14    Int:  8    God:    Gozag
Gold:   1599       SH:  5    Dex: 12    Spells: 11/11 levels left

rFire   . . .        t - +5 hand axe "Ucammiu" {spect, rElec}
rCold   . . .        c - +0 buckler
rNeg    . . .        j - +1 plate armour
rPois   +            s - +0 helmet
rElec   +            k - +0 cloak
rCorr   .            (no gloves)
SInv    .            g - +0 pair of boots
Will    .....        h - amulet of regeneration Stlth
                     m - ring of poison resistance
HPRegen 1.17/turn    A - +5 ring of evasion
MPRegen 0.13/turn

%: no passive effects
@: hasted, very quick
A: no striking features
a: Renounce Religion, Potion Petition, Call Merchant, Bribe Branch


You were on level 12 of the Dungeon.
You worshipped Gozag.
Gozag was most pleased with you.
You visited 2 branches of the dungeon, and saw 13 of its levels.

You collected 1686 gold pieces.
You paid 87 gold pieces to Gozag.

Inventory:

Hand Weapons
 a - a +1 war axe of freezing
 t - the +5 hand axe "Ucammiu" (weapon) {spect, rElec}
   (You found it on level 6 of the Dungeon)

   rElec:     It insulates you from electricity.
 x - a +2 flail of holy wrath
 B - a +5 trident of freezing
Missiles
 r - 16 boomerangs (quivered)
 y - a throwing net
Armour
 c - a +0 buckler (worn)
 g - a +0 pair of boots (worn)
 j - a +1 plate armour (worn)
 k - a +0 cloak (worn)
 s - a +0 helmet (worn)
Jewellery
 h - an amulet of regeneration (around neck)
 m - a ring of poison resistance (left hand)
 A - a +5 ring of evasion (right hand)
Wands
 C - a wand of polymorph (5)
 E - a wand of iceblast (7)
 F - a wand of charming (6)
 G - a wand of light (1)
 H - a wand of digging (5)
Scrolls
 d - 6 scrolls of teleportation
 e - 2 scrolls of fear
 o - 2 scrolls of brand weapon
 w - a scroll of enchant weapon
 D - 3 scrolls of revelation
Potions
 b - 2 potions of resistance
 f - a potion of cancellation {unknown}
 i - a potion of berserk rage {unknown}
 l - 2 potions of curing
 n - 2 potions of enlightenment
 p - a potion of haste
 q - a potion of magic {unknown}
 u - a potion of mutation {unknown}
 v - 4 potions of brilliance
 I - a potion of lignification
Miscellaneous
 z - a phantom mirror


   Skills:
 + Level 9.0 Fighting
 + Level 13.3 Axes
 + Level 0.8 Throwing
 + Level 9.5 Armour
 * Level 7.0 Dodging
 + Level 3.3 Stealth
 + Level 6.3 Shields
 * Level 5.6 Evocations


You had 11 spell levels left.
You didn't know any spells.
Your spell library contained the following spells:

 Spells                   Type           Power      Damage    Failure   Level
 Magic Dart               Conj           0%         1d3       100%        1
 Sandblast                Erth           0%         2d4       100%        1
 Call Imp                 Summ           0%         N/A       100%        2
 Ensorcelled Hibernation  Hex/Ice        0%         N/A       100%        2
 Passwall                 Tmut/Erth      0%         N/A       100%        2
 Poisonous Vapours        Pois/Air       0%         N/A       100%        2
 Static Discharge         Conj/Air       0%         3-3/arc   100%        2
 Mephitic Cloud           Conj/Pois/Air  0%         N/A       100%        3
 Stone Arrow              Conj/Erth      0%         3d7       100%        3
 Swiftness                Air            0%         N/A       100%        3
 Airstrike                Air            0%         2d(0-16)  100%        4
 Brom's Barrelling Bould  Conj/Erth      0%         2d3       100%        4
 Summon Lightning Spire   Summ/Air       0%         N/A       100%        4
 Freezing Cloud           Conj/Ice/Air   0%         6-21      100%        5


Dungeon Overview and Level Annotations

Branches:
Dungeon (12/15)            Temple (1/1) D:7            Lair (0/5) D:9
    Orc (0/2) D:12

Altars:
Ashenzari
Cheibriados
Dithmenos
Elyvilon
Fedhas
Gozag
Hepliaklqana
Kikubaaqudgha
Makhleb
Nemelex Xobeh
Okawaru
Qazlal
Ru
Sif Muna
Trog
Uskayaw
Vehumet
Wu Jian
Xom
Yredelemnul
Zin
The Shining One

Shops:
D:1 (   D:6 [


Message History

The skeletal warrior is severely damaged.
Your +5 hand axe "Ucammiu" {spect, rElec} hits the skeletal warrior but does no damage.
The skeletal warrior hits your +5 hand axe "Ucammiu" {spect, rElec} with a +0 battleaxe!!
Your spectral weapon shares its damage with you!
Your +5 hand axe "Ucammiu" {spect, rElec} disappears.
The skeletal warrior hits you with a +0 battleaxe!
You hear a shout!
You barely miss the skeletal warrior.
The skeletal warrior is severely damaged.
Your +5 hand axe "Ucammiu" {spect, rElec} hits the skeletal warrior.
You hit the skeletal warrior.
The skeletal warrior is severely damaged.
Your +5 hand axe "Ucammiu" {spect, rElec} hits the skeletal warrior but does no damage.
The skeletal warrior hits you with a +0 battleaxe!!
* * * LOW HITPOINT WARNING * * *
The skeletal warrior closely misses your +5 hand axe "Ucammiu" {spect, rElec}.
You hit the skeletal warrior but do no damage.
The skeletal warrior is severely damaged.
Your +5 hand axe "Ucammiu" {spect, rElec} hits the skeletal warrior but does no damage.
The skeletal warrior hits you with a +0 battleaxe!
* * * LOW HITPOINT WARNING * * *
The skeletal warrior hits your +5 hand axe "Ucammiu" {spect, rElec} with a +0 battleaxe!
Your spectral weapon shares its damage with you!
* * * LOW HITPOINT WARNING * * *
A tengu conjurer comes into view.
It was a potion of haste.
You feel yourself speed up.
Your +5 hand axe "Ucammiu" {spect, rElec} disappears.
The skeletal warrior hits you but does no damage.
You feel better.
Aiming: Bolt of Light
Press: ? - help, Shift-Dir - straight line, f - tengu conjurer
Aim: a tengu conjurer (51% to hit)
The bolt of light hits the skeletal warrior!
The skeletal warrior is almost destroyed.
The bolt of light hits the tengu conjurer!
The tengu conjurer is moderately wounded.
The tengu conjurer is blinded.
The skeletal warrior hits you with a +0 battleaxe!!
You die...
Your body crumbles into a pile of gold.

#..... .. ##.## [#
#..### ..##.#.##..##
#..#
.......#...#####''###
.:...#..........)).#
#....#............#
#?.###.###.#.###.#
#.z##.#.###.###.##
#@$..............#
##...............#
############''###
##..### #......
#...... ##......
#....#.. ####....


You could see a skeletal warrior.

Vanquished Creatures
  4 two-headed ogres
  A boulder beetle (D:12)
  Pikel (D:9)
  A deep elf pyromancer (D:12)
  A cyclops (D:12)
  A manticore (D:11)
  A gargoyle (D:12)
  4 trolls
  A wraith (D:10)
  2 wyverns
  A water elemental (D:10)
  An air elemental (D:10)
  2 shadows (D:11)
  A fire elemental (D:10)
  A yak (D:9)
  2 vampire mosquitoes (D:12)
  Menkaure (D:7)
  A basilisk (D:12)
  An acid dragon (D:9)
  3 water moccasins
  A sky beast (D:7)
  3 black bears
  2 ogres
  6 orc warriors
  The ghost of uhhuh the Chiller, an amateur MfIE (D:3)
  3 phantoms
  2 lemures (D:9)
  4 kobold brigands
  5 bullfrogs
  An earth elemental (D:10)
  2 scorpions
  A gnoll sergeant (D:8)
  12 wights
  11 killer bees (D:9)
  6 howler monkeys (D:8)
  5 hounds
  A gnoll bouda (D:8)
  3 jellies
  Crazy Yiuf (D:7)
  13 orc priests
  2 sleepcaps
  Terence (D:2)
  2 iguanas
  17 orc wizards
  9 gnolls (D:8)
  3 adders
  A white imp (D:7)
  2 worms
  2 dart slugs
  50 orcs
  10 ball pythons
  9 endoplasms
  A giant cockroach (D:1)
  8 hobgoblins
  32 kobolds
  3 quokkas
  6 bats (D:1)
  6 frilled lizards
  10 goblins
  6 rats
294 creatures vanquished.

Vanquished Creatures (others)
  2 spectral weapons
2 creatures vanquished.

Grand Total: 296 creatures vanquished

Notes
Turn   | Place    | Note
-------+----------+-------------------------------------------
     0 | D:1      | Dorkslayer the Hill Orc Fighter began the quest for the
                  | Orb.
     0 | D:1      | Reached XP level 1. HP: 19/19 MP: 1/1
   149 | D:1      | Reached XP level 2. HP: 27/27 MP: 2/2
   226 | D:1      | Reached skill level 3 in Axes
   437 | D:1      | Found a faded altar of an unknown god.
   450 | D:1      | Reached XP level 3. HP: 33/33 MP: 3/3
   496 | D:1      | Found Zeuhouga's Antique Weapon Emporium.
   820 | D:2      | Noticed Terence
   824 | D:2      | Killed Terence
   825 | D:2      | Reached skill level 1 in Dodging
   825 | D:2      | Reached XP level 4. HP: 38/40 MP: 4/4
   853 | D:2      | Reached skill level 4 in Axes
  1544 | D:3      | Noticed uhhuh's ghost (amateur MfIE)
  1579 | D:3      | Found a runed translucent door.
  1612 | D:3      | Identified the staff "Imaczi Zouth" {rPois rF+++ Int-2
                  | Dex-2 Conj}
  1791 | D:3      | Reached XP level 5. HP: 46/46 MP: 5/5
  1864 | D:3      | Reached skill level 5 in Axes
  2284 | D:3      | Found a blossoming altar of Fedhas.
  2367 | D:3      | Noticed an ogre
  2375 | D:3      | Killed an ogre
  2376 | D:3      | Reached XP level 6. HP: 38/53 MP: 6/6
  2485 | D:3      | Killed uhhuh's ghost
  2486 | D:3      | Reached skill level 6 in Axes
  2567 | D:4      | Found a burning altar of Makhleb.
  2673 | D:4      | Found a bloodstained altar of Trog.
  2956 | D:5      | Entered Level 5 of the Dungeon
  2996 | D:5      | Noticed a two-headed ogre
  3006 | D:5      | Reached XP level 7. HP: 30/60 MP: 7/7
  3007 | D:5      | Killed a two-headed ogre
  3008 | D:5      | Reached skill level 5 in Fighting
  3008 | D:5      | Reached skill level 8 in Axes
  3008 | D:5      | Reached skill level 5 in Armour
  3008 | D:5      | Reached XP level 8. HP: 37/68 MP: 8/8
  3838 | D:6      | Reached skill level 9 in Axes
  3863 | D:6      | Found a broken altar of Ashenzari.
  3909 | D:6      | Reached skill level 5 in Shields
  4005 | D:6      | Found a shadowy altar of Dithmenos.
  4060 | D:6      | Found an ornate altar of the Wu Jian Council.
  4066 | D:6      | Noticed a wyvern
  4076 | D:6      | Killed a wyvern
  4077 | D:6      | Reached XP level 9. HP: 70/75 MP: 9/9
  4107 | D:6      | Identified the +5 hand axe "Ucammiu" {spect, rElec}
  4243 | D:6      | Found a sparkling altar of Nemelex Xobeh.
  4246 | D:6      | Found a radiant altar of Vehumet.
  4340 | D:6      | Found Kanim's Antique Armour Shop.
  4556 | D:7      | Found a sacrificial altar of Ru.
  4573 | D:7      | Reached skill level 10 in Axes
  4573 | D:7      | Reached skill level 5 in Dodging
  4767 | D:7      | Found a staircase to the Ecumenical Temple.
  4773 | Temple   | Entered the Ecumenical Temple
  4804 | Temple   | Became a worshipper of Gozag Ym Sagoz the Greedy
  4960 | D:7      | Found an iron altar of Okawaru.
  5019 | D:7      | Noticed Menkaure
  5031 | D:7      | Killed Menkaure
  5225 | D:7      | Found a snail-covered altar of Cheibriados.
  5264 | D:7      | Found a runed translucent door.
  5265 | D:7      | Noticed Crazy Yiuf
  5271 | D:7      | Killed Crazy Yiuf
  5608 | D:8      | Reached skill level 1 in Evocations
  5608 | D:8      | Reached XP level 10. HP: 84/84 MP: 10/10
  5740 | D:8      | Found a shimmering blue altar of Sif Muna.
  5787 | D:8      | Reached skill level 11 in Axes
  6084 | D:9      | Noticed Pikel
  6121 | D:9      | Killed Pikel
  6526 | D:9      | Reached skill level 12 in Axes
  6652 | D:9      | Found a staircase to the Lair.
  6749 | D:9      | Found a glowing golden altar of the Shining One.
  7094 | D:10     | Entered Level 10 of the Dungeon
  7209 | D:10     | Found a large runed translucent door.
  7209 | D:10     | Found a large runed translucent door.
  7224 | D:10     | Reached XP level 11. HP: 76/94 MP: 11/11
  7229 | D:10     | Reached skill level 1 in Stealth
  7516 | D:10     | Noticed a two-headed ogre
  7523 | D:10     | Killed a two-headed ogre
  7737 | D:11     | Noticed a manticore
  7746 | D:11     | Killed a manticore
  7928 | D:11     | Identified the +0 ring mail "Jaqil" {SInv}
  8279 | D:12     | Noticed a cyclops
  8287 | D:12     | Killed a cyclops
  8339 | D:12     | Noticed a deep elf pyromancer
  8341 | D:12     | Noticed a two-headed ogre
  8343 | D:12     | Killed a deep elf pyromancer
  8344 | D:12     | Reached skill level 5 in Evocations
  8348 | D:12     | Killed a two-headed ogre
  8349 | D:12     | Reached skill level 13 in Axes
  8478 | D:12     | Found a staircase to the Orcish Mines.
  8600 | D:12     | Noticed a two-headed ogre
  8613 | D:12     | Killed a two-headed ogre
  8650 | D:12     | Noticed a boulder beetle
  8673 | D:12     | Killed a boulder beetle
  8674 | D:12     | Reached XP level 12. HP: 79/104 MP: 12/12
  8779 | D:12     | HP: 4/104 [skeletal warrior/+0 battleaxe (5)]
  8782 | D:12     | Mangled by a skeletal warrior

Illustrated notes

Levels and vault maps discovered:
D:1:      dpeg_arrival_round_c, layout_basic, serial_shops, shop,
          basic_ecumenical_altar, minmay_tall_x
D:2:      layout_loops_ring, minmay_misc_feat_rows, uniq_terence
D:3:      layout_basic, fedhas_altar_4, hellmonk_ghost_happy_afterlife,
          minmay_checkerbox
D:4:      layout_basic, makhleb_heckhound_becter,
          mainiacjoe_overflow_cross_hatched, nicolae_twisty_statue_hallways
D:5:      layout_cave_pods
D:6:      layout_basic, evilmike_ruin_ashenzari,
          nicolae_overflow_macrodata_refinement, serial_shops, shop
D:7:      layout_gridville, mainiacjoe_overflow_paths, okawaru_gym_becter,
          lemuel_crystal_altar, temple_green, uniq_crazy_yiuf_cottage,
          uniq_menkaure
D:8:      layout_basic, lemuel_doored_altar, nicolae_zig_zag_zippers
D:9:      layout_basic, lemuel_coloured_pillars_altar,
          due_lair_maze_entry_diamond, uniq_pikel
D:10:     layout_cave_pools, lightli_elemental_guards
D:11:     layout_rooms, minmay_misc_feat_iff
D:12:     layout_gridville, hiddenorc1_lemuel, minmay_strange_pillars,
          hangedman_corner_corridor
Temple:   jpeg_temple_island

Skill      XL: |  1  2  3  4  5  6  7  8  9 10 11 |
---------------+----------------------------------+-----
Axes           | 3 4 5 6 8 9 10 12 13 | 13.3
Fighting       | 4 5 6 7 9 |  9.0
Dodging        | 1 2 3 4 5 6 7 |  7.0
Armour         | 4 5 7 8 9 |  9.5
Shields        | 4 5 6 |  6.3
Evocations     | 1 3 5 |  5.6
Stealth        | 3 |  3.3
Throwing       | |  0.8

Action                     |  1- 3 |  4- 6 |  7- 9 | 10-12 || total
---------------------------+-------+-------+-------+-------++-------
  Melee: War axe           |    78 |   169 |   106 |       ||   353
         Hand axe          |       |       |   100 |   392 ||   492
  Throw: Boomerang         |       |       |     1 |       ||     1
         Dart              |       |       |       |     2 ||     2
  Evoke: Wand              |       |       |       |     2 ||     2
    Use: Potion            |     1 |     3 |     2 |     2 ||     8
         Scroll            |       |     8 |     3 |     4 ||    15
   Stab: Distracted        |       |       |       |    13 ||    13
         Invisible         |       |       |       |     1 ||     1
 Armour: Scale mail        |    65 |     4 |       |       ||    69
         Plate armour      |       |   118 |   194 |   200 ||   512
  Dodge: Dodged            |    36 |    45 |    49 |   130 ||   260
  Block: Buckler           |    11 |    47 |    41 |    58 ||   157

Table legend: (Time is in decaauts)
 A = Elapsed time spent in this place.
 B = Non-inter-level travel time spent in this place.
 C = Inter-level travel time spent in this place.
 D = Time resting spent in this place.
 E = Time spent auto-exploring this place.
 F = Levels seen in this place.
 G = Mean time per level.
                   A        B        C        D        E       F      G
               +--------+--------+--------+--------+--------+-----+--------+
         Total |   8741 |   8741 |      0 |      0 |   4989 |  13 |  672.4 |
       Dungeon |   8680 |   8680 |      0 |      0 |   4989 |  12 |  723.3 |
        Temple |     60 |     60 |      0 |      0 |      0 |   1 |   60.0 |
               +--------+--------+--------+--------+--------+-----+--------+

Top non-repeatable levels by time:
     D:3: 1035 daAuts
     D:9: 972 daAuts
     D:5: 827 daAuts
     D:1: 827 daAuts
     D:6: 761 daAuts
     D:2: 746 daAuts
     D:7: 744 daAuts
     D:8: 709 daAuts
    D:12: 600 daAuts
    D:10: 582 daAuts
    D:11: 449 daAuts
     D:4: 423 daAuts
  Temple: 60 daAuts
